[Event "MPL-4 Indian Chess Tour 2022"]
[Site "Chess24"]
[Date "2022.09.27"]
[Round "3.8"]
[White "Aronyak Ghosh"]
[Black "Iniyan, P."]
[Result "1/2-1/2"]
[ECO "E63"]
[WhiteElo "2519"]
[BlackElo "2556"]
[Annotator "TA"]
[PlyCount "100"]
[EventDate "2022.09.29"]
[EventType "tourn (rapid)"]
[EventCountry "NET"]
[SourceTitle "playchess.com"]
[Source "ChessBase"]
[SourceQuality "1"]
[WhiteTeam "India"]
[BlackTeam "India"]
[WhiteTeamCountry "IND"]
[BlackTeamCountry "IND"]
[TimeControl "900+10"]

1. Nf3 Nf6 2. c4 g6 3. g3 Bg7 4. Bg2 O-O 5. O-O d6 6. d4 Nc6 7. Nc3 a6 8. Bf4 $1 {[%emt 0:01:24][%mdl 4] 8.Bf4 is setting a new trend.} Bd7 {[%emt 0:00:11] E63: King's Indian: Fianchetto: Panno Variation with 7...a6.} 9. Rc1 Rb8 10. a3 h6 11. h3 {[%emt 0:00:42] [#]} (11. d5 $5 Na5 12. Nd2 $11) 11... g5 $146 ({Predecessor:} 11... Qc8 12. Kh2 b5 13. cxb5 axb5 14. b4 g5 15. Bd2 e5 16. dxe5 dxe5 17. Ne1 e4 {1-0 (65) Martinez Alcantara,J (2561)-Neef,M (2463) Barcelona 2018}) 12. Be3 g4 13. hxg4 Nxg4 14. Qd2 (14. Qd3 {is interesting.} e5 15. dxe5 Ncxe5 16. Nxe5 Nxe5 17. Qe4) 14... Nxe3 15. Qxe3 e6 16. d5 Ne7 17. Bh3 e5 18. Bxd7 Qxd7 19. Kg2 b5 20. b4 bxc4 21. Qe4 Rfc8 22. Rfd1 c5 23. dxc6 Qxc6 (23... Rxc6 24. Nxe5 $1 Bxe5 25. Qxe5 $16) 24. Qg4 (24. Qh4 $11 {and White has nothing to worry.} Rc7 25. e4) 24... f5 $19 25. Qh4 Rb7 (25... Ng6 26. Qh3 Ne7 27. e4 $15) (25... Rc7 $19 {is more deadly. ...d5 is the strong threat.} 26. e3 d5) 26. e4 $17 {[%emt 0:00:36] Prevents d5.} Rf8 27. Nd5 $1 {[%emt 0:00:46] Against Rc7} Rf7 (27... Nxd5 $15 28. exd5 Qa4 29. Qxc4 Qxa3) 28. Ng1 {[%emt 0:00:34] Pair of Knights!} ({White should play} 28. exf5 $1 $14 Nxd5 29. Rxc4) 28... Kh8 (28... Nxd5 $15 29. exd5 Qa4 30. Qxc4 Qxa3 31. Qc8+ Kh7) 29. Ne2 fxe4 (29... Nxd5 $1 $15 {stays ahead.} 30. Rxd5 (30. exd5 Qa4 $17) 30... Rf8) 30. Qxe4 $16 Nxd5 31. Rxd5 Rb5 (31... Rbc7 $14) 32. Nc3 $1 {[%emt 0:00:24][%mdl 1024] White has strong compensation. White is more active.} (32. Rxe5 $6 Qxe4+ 33. Rxe4 d5 34. Re8+ (34. Re6 a5 $11) 34... Kh7 $11) 32... Rb8 33. Rcd1 (33. Rd2 $16 Rc8 34. Qxc6 Rxc6 35. a4) 33... Rbf8 $14 34. R1d2 (34. R5d2 $5 Qb6 35. Rf1 $11) 34... Rf6 (34... Rf3 $5 35. Rxd6 Rxf2+ 36. Rxf2 Rxf2+ 37. Kxf2 Qxd6 $14) 35. Qe3 $2 (35. Rc2 $11) 35... h5 $2 (35... Rf3 $1 $19 36. Qxf3 Rxf3 37. Kxf3 e4+ 38. Nxe4 c3 39. Nxc3 Bxc3) 36. Qg5 $15 Rf5 37. Qe7 (37. Qh4 $1 $15) 37... Bh6 (37... Rf3 $142 38. Qxd6 Qxd6 39. Rxd6 Rxc3) 38. Re2 (38. f4 {was worth a try.}) 38... R8f6 $19 39. Kg1 $2 (39. Qd8+ Bf8 40. Kf1) 39... Rf3 $2 (39... Bf8 $19 {and Black stays clearly on top.} 40. Qd8 h4) 40. Ne4 $17 Bf8 ({Much worse is} 40... Qxd5 $6 41. Nxf6 Qd3 42. Kh2 $11) 41. Qd8 Qxd5 ({Better is} 41... Rg6 $17 42. Re3 Rf7) 42. Nxf6 $11 Qf7 (42... Qd1+ $2 43. Kg2 Rxf6 44. Qxf6+ Bg7 45. Qf3 $18) 43. Ne4 $40 {[%emt 0:00:02][%mdl 128] White is up to no good.} Rd3 44. Ng5 {[%emt 0:00:57] [#]} (44. Qc8 $11 {remains equal.}) 44... Qf5 $1 $17 {[%emt 0:00:03] And now ...c3 would win.} 45. Qe8 {[%emt 0:00:08] [#]} (45. Ne6 $17 Qxe6 46. Qxf8+ Kh7 47. a4) 45... Qxg5 $2 ({Weaker is} 45... Rxa3 46. Ne6 Kg8 47. Nxf8 $11) (45... h4 $1 $19 46. gxh4 c3) 46. Qxf8+ $11 {[%emt 0:00:01] The position is equal.} Qg8 47. Qh6+ Qh7 48. Qf8+ Qg8 49. Qh6+ Qh7 50. Qf8+ Qg8 {[%emt 0:00:01] Weighted Error Value: White=0.55/Black=0.54} 1/2-1/2

[Event "MPL-4 Indian Chess Tour 2022"]
[Site "Chess24"]
[Date "2022.09.27"]
[Round "4.1"]
[White "Raja Harshit"]
[Black "Iniyan, P."]
[Result "0-1"]
[ECO "B96"]
[WhiteElo "2459"]
[BlackElo "2556"]
[Annotator "TA"]
[PlyCount "42"]
[EventDate "2022.09.29"]
[EventType "tourn (rapid)"]
[EventCountry "NET"]
[SourceTitle "playchess.com"]
[Source "ChessBase"]
[SourceQuality "1"]
[WhiteTeam "India"]
[BlackTeam "India"]
[WhiteTeamCountry "IND"]
[BlackTeamCountry "IND"]
[TimeControl "900+10"]

1. e4 c5 2. Nf3 d6 3. d4 cxd4 4. Nxd4 Nf6 5. Nc3 a6 6. Bg5 e6 7. f4 Nbd7 8. Qe2 Qc7 9. O-O-O b5 10. g3 {[%emt 0:00:02] B96: Sicilian Najdorf: 6 Bg5 e6 7 f4, lines other than 7...Qb6 and 7...Be7.} b4 11. Nb1 Bb7 12. Bg2 {[%emt 0:00:03] [#] The position is equal.} Rc8 $5 $146 {[%emt 0:00:32][%mdl 8] New and interesting.} ({Predecessor:} 12... Be7 13. Rhe1 h6 14. Bxf6 Bxf6 15. Qd2 Rb8 16. Nb3 Be7 17. Qxb4 O-O 18. Qc3 Qb6 {1-0 (58) Mamedov,R (2627)-Swiercz,D (2456) Gaziantep 2008}) 13. e5 $2 {[%emt 0:00:25] [#]} (13. Rhe1 $11) 13... Bxg2 $19 ({Weaker is} 13... dxe5 14. Bxb7 Qxb7 15. fxe5 $15) 14. exf6 $2 (14. exd6 {was worth a try.} Qb7 15. Nxe6 Rxc2+ 16. Qxc2 Bxh1 17. Nc7+ Kd8 18. Nxa6) 14... Bxh1 15. Rxh1 gxf6 16. Bh4 Qc4 17. Qe3 {[%emt 0:00:06] [#]} (17. Qxc4 Rxc4 18. Ne2) 17... e5 {[%emt 0:00:21] Black is clearly winning.} 18. Rd1 Be7 19. b3 Qc5 20. c4 exd4 21. Rxd4 d5 {[%emt 0:00:07] White did not feel at home in the position after the opening.  Weighted Error Value: White=0.81/Black=0.01 (flawless)} 0-1

[Event "MPL-4 Indian Chess Tour 2022"]
[Site "Chess24"]
[Date "2022.09.27"]
[Round "4.2"]
[White "Ganguly, Surya Shekhar"]
[Black "Aronyak Ghosh"]
[Result "1/2-1/2"]
[ECO "B10"]
[WhiteElo "2589"]
[BlackElo "2519"]
[Annotator "TA"]
[PlyCount "94"]
[EventDate "2022.09.29"]
[EventType "tourn (rapid)"]
[EventCountry "NET"]
[SourceTitle "playchess.com"]
[Source "ChessBase"]
[SourceQuality "1"]
[WhiteTeam "India"]
[BlackTeam "India"]
[WhiteTeamCountry "IND"]
[BlackTeamCountry "IND"]
[TimeControl "900+10"]

1. e4 c6 2. Nf3 d5 3. d3 Qc7 4. Nc3 dxe4 5. dxe4 e5 6. Bc4 {[%emt 0:00:01] B10: Caro-Kann: 2 d3 and 2 c4.} b5 7. Bb3 h6 {[%emt 0:00:01] Against Ng5} 8. Qe2 {[%emt 0:00:03] The position is equal.} Nf6 9. a4 b4 10. Nd1 {[%emt 0:00:01][%cal Bc3d1,Bd1e3,Be3c4][%mdl 32] [#]} Be7 $146 ({Predecessor:} 10... Nbd7 11. Ne3 Nc5 12. Nc4 Nfd7 13. O-O Be7 14. Be3 O-O 15. Nfd2 Nxb3 16. cxb3 Nc5 {½-½ (45) Svane,F (2501)-Mendonca,L (2551) Hamburg 2022}) 11. Ne3 O-O 12. Nc4 Nbd7 13. Be3 Ba6 14. O-O-O Nc5 15. Bxc5 Bxc5 16. Nh4 Rad8 17. Nf5 Rxd1+ 18. Rxd1 Rd8 {[%emt 0:00:01] [#]} 19. Rxd8+ $1 Qxd8 20. Qf3 Bxc4 21. Bxc4 {[%emt 0:00:00] Black must now prevent Qg3.} g6 (21... Kf8 $16) 22. Qg3 ({Only move:} 22. Nxh6+ $18 Kg7 23. Nxf7) 22... Kf8 $14 23. Qxe5 ({But not} 23. Nxh6 $2 Nxe4 24. Qd3 (24. Qxe5 $2 Qd2+ 25. Kb1 Qe1+ 26. Ka2 Nc3+ 27. bxc3 Qxe5 $19) 24... Qg5+ 25. Kb1 Nd2+ 26. Ka2 Qxh6 $19) 23... Bxf2 24. Nd6 {[%emt 0:00:40] White is more active.} (24. Qf4 $5 Nxe4 25. Qxh6+ (25. Qxe4 Qg5+ 26. Kd1 Qxf5 $11) 25... Ke8 26. Ng7+ Ke7 27. Qf4 Qd2+ 28. Qxd2 Nxd2 29. Kxd2 $14) 24... Ng4 25. Qh8+ Ke7 26. Qxd8+ ({Not} 26. Nxf7 $2 Be3+ 27. Kb1 Qxh8 28. Nxh8 Ne5 $19) 26... Kxd8 27. Nxf7+ {[%emt 0:00:33][%mdl 4096] Endgame KBN-KBN} Ke7 28. Kd2 Bd4 29. c3 bxc3+ 30. bxc3 Bg7 31. h3 Ne5 32. Nxe5 Bxe5 $11 {[%emt 0:00:00] KB-KB} 33. Kd3 a5 34. Bg8 h5 35. Kc4 h4 36. Kc5 Bxc3 37. Kxc6 g5 38. Kd5 Be1 {[%emt 0:00:03] White is slightly better.} 39. Ke5 Bc3+ 40. Kf5 Bd2 41. Bc4 Bc1 42. Be2 Bd2 43. Bg4 Bc1 44. e5 Bd2 45. e6 Bc1 46. Ke5 Bd2 47. Kd5 Be1 {[%emt 0:00:03] Weighted Error Value: White=0.10 (very precise) /Black=0.12 (very precise)} 1/2-1/2

[Event "MPL-4 Indian Chess Tour 2022"]
[Site "Chess24"]
[Date "2022.09.27"]
[Round "4.4"]
[White "Mohammad Nubairshah Shaikh"]
[Black "Vaibhav, Suri"]
[Result "0-1"]
[ECO "E18"]
[WhiteElo "2461"]
[BlackElo "2600"]
[Annotator "TA"]
[PlyCount "106"]
[EventDate "2022.09.29"]
[EventType "tourn (rapid)"]
[EventCountry "NET"]
[SourceTitle "playchess.com"]
[Source "ChessBase"]
[SourceQuality "1"]
[WhiteTeam "India"]
[BlackTeam "India"]
[WhiteTeamCountry "IND"]
[BlackTeamCountry "IND"]
[TimeControl "900+10"]

1. Nf3 Nf6 2. c4 e6 3. g3 d5 4. Bg2 b6 5. O-O Bb7 6. cxd5 exd5 7. d4 Be7 8. Nh4 Qd7 9. Qc2 Ne4 10. Nf3 O-O 11. Ne5 Qd8 12. Nc3 Nxc3 13. Qxc3 c5 {[%emt 0:00:13] E18: Queen's Indian: Old Main Line (4 g3 Bb7 5 Bg2 Be7 6 0-0 0-0 7 Nc3).} 14. Rd1 {[%emt 0:00:17] [#]} (14. dxc5 $14 d4 15. Qb3 Bxg2 16. Kxg2) 14... Bf6 $146 ({Predecessor:} 14... cxd4 15. Qxd4 Bc5 16. Qf4 Qe7 17. Bxd5 Bxd5 18. Rxd5 f6 19. Nd3 Qxe2 20. Bd2 Qe6 21. Qc4 Nd7 22. Re1 Qf7 {½-½ (30) Krastanov,G (2192)-Hristov,P (2022) Sofia 2010}) 15. dxc5 Nd7 {[%emt 0:02:22] The position is equal.} 16. Bf4 Nxc5 17. Be3 (17. Qc2 $1 $11) 17... Rc8 $1 $15 {[%emt 0:01:39] Threatens to win with ...Ne6.} 18. Bd4 Re8 (18... Ne6 $17 19. Qe3 Nxd4 20. Qxd4 Re8) 19. f4 Ne6 20. Qe3 Nxd4 21. Qxd4 Rc2 22. e3 Qc7 23. Bxd5 Bxe5 24. fxe5 {[%emt 0:00:02] aiming for Qa4.} Bxd5 25. Qxd5 h5 {[%emt 0:00:01] Black has more active pieces.} ({But not} 25... Rxb2 $6 26. Rac1 Rc2 27. Rxc2 Qxc2 28. Qd7 $11) 26. Qd6 Rxe5 {[%emt 0:00:24] White must now prevent ...Qxd6.} 27. Qxc7 Rxc7 $17 {[%emt 0:00:00][%mdl 4096] Endgame KRR-KRR} 28. Rd3 (28. Rac1 $17 {is a better defense.} Rxc1 29. Rxc1) 28... Rc2 $19 29. b4 {[%emt 0:00:19] [#]} Rf5 $1 30. Rf1 Rxf1+ 31. Kxf1 Rxa2 {[%emt 0:00:30] KR-KR} ({Not} 31... Rxh2 32. Ra3 $17) 32. h4 Kh7 ({Black should play} 32... Kf8 $19 {...a5 is the strong threat.} 33. Rc3 Ke7 34. Rc7+ Ke6) 33. Rd5 {[%emt 0:00:04] [#]} (33. b5 $17) 33... g6 $1 34. b5 Kg7 35. Rd6 $2 (35. Rd7 {was the only chance.}) 35... Ra5 36. Rd7 Ra2 37. Rd6 $1 Ra5 (37... Rb2 $142 38. Rd7 Rxb5 39. Rxa7 Rb2) 38. Rd7 $1 Rxb5 39. Rxa7 Rb2 40. Rb7 Kf6 41. Kg1 Ke6 42. Kf1 b5 43. Kg1 (43. Ke1 $142) 43... b4 44. Kf1 b3 45. Rb5 (45. Ke1 $142) 45... Kd6 {[%emt 0:00:08] And now ...Kc6 would win.} 46. Rb7 Kc6 (46... Kc5 $142 47. Ke1 Kc4 48. Rc7+ Kd3 49. Rd7+ Kxe3 50. Re7+ Kf3 51. Rxf7+ Kxg3) 47. Rb8 Kd5 48. Rb7 Ke4 49. Re7+ Kd3 {[%emt 0:00:01] ( -> ...Rc2)} 50. Rxf7 Rc2 {[%emt 0:00:11] Black mates.} 51. Rd7+ Kxe3 52. Rb7 b2 53. Re7+ Kf3 {[%emt 0:00:07] Weighted Error Value: White=0.79/Black=0.30} 0-1

[Event "MPL-4 Indian Chess Tour 2022"]
[Site "Chess24"]
[Date "2022.09.27"]
[Round "4.5"]
[White "Narayanan.S.L"]
[Black "Mitrabha, Guha"]
[Result "1-0"]
[ECO "A50"]
[WhiteElo "2657"]
[BlackElo "2471"]
[Annotator "TA"]
[PlyCount "69"]
[EventDate "2022.09.29"]
[EventType "tourn (rapid)"]
[EventCountry "NET"]
[SourceTitle "playchess.com"]
[Source "ChessBase"]
[SourceQuality "1"]
[WhiteTeam "India"]
[BlackTeam "India"]
[WhiteTeamCountry "IND"]
[BlackTeamCountry "IND"]
[TimeControl "900+10"]

1. Nf3 Nf6 2. c4 b6 3. Nc3 Bb7 4. d4 g6 5. d5 Bg7 6. e4 {[%emt 0:00:01] A50: Queen's Fianchetto Defence (1 d4 Nf6 2 c4 b6).} O-O 7. Bd3 d6 8. O-O {[%emt 0:00:01] White is slightly better.} Nbd7 9. Re1 e5 10. Bg5 h6 11. Bh4 {[%emt 0:00:01] [#]} a5 $146 ({Predecessor:} 11... g5 12. Bg3 a5 13. Nd2 Nc5 14. Bc2 Bc8 15. f3 Nh5 16. Nf1 Nf4 {0-1 (70) Sergeev,V (2447)-Zpevak,P (2362) Pardubice 2014}) 12. a3 Qc8 13. b4 Nh7 14. Nd2 f5 15. f3 f4 16. Bf2 g5 17. c5 bxc5 18. bxc5 Nxc5 19. Bxc5 dxc5 20. Na4 Qe8 21. Nxc5 {[%emt 0:00:06] Pair of Knights!} Bc8 22. Qa4 g4 (22... Qxa4 $142 23. Nxa4 g4) 23. Qxe8 $16 {[%emt 0:00:03] White is much more active.} Rxe8 24. Bb5 Rd8 25. Bc6 Ra7 26. Rab1 $36 {[%emt 0:00:05][%mdl 2048] White is really pushing.} Bf8 27. Rec1 {[%emt 0:00:07] Threatens to win with Rb8.} gxf3 28. Nxf3 {[%emt 0:00:02] [#] And now Rb8 would win.} Ng5 (28... Bd6 $1 $14) 29. Nxe5 Bxc5+ 30. Rxc5 {[%emt 0:00:02] Hoping for Re1.} Nxe4 31. Rc2 Ra6 (31... Kg7 $16 32. Re1 Nd6) 32. Rf1 Rb6 33. Rcc1 Nd6 34. Rxf4 Re8 $2 {[%emt 0:00:46] [#]} (34... Rf8 $16 35. Rxf8+ Kxf8) 35. Bxe8 {[%emt 0:00:02] Weighted Error Value: White=0.09 (flawless) /Black=0.37} 1-0

[Event "MPL-4 Indian Chess Tour 2022"]
[Site "Chess24"]
[Date "2022.09.27"]
[Round "4.6"]
[White "Adhiban, B.."]
[Black "Sethuraman, S.P."]
[Result "1/2-1/2"]
[ECO "D45"]
[WhiteElo "2603"]
[BlackElo "2638"]
[Annotator "TA"]
[PlyCount "146"]
[EventDate "2022.09.29"]
[EventType "tourn (rapid)"]
[EventCountry "NET"]
[SourceTitle "playchess.com"]
[Source "ChessBase"]
[SourceQuality "1"]
[WhiteTeam "India"]
[BlackTeam "India"]
[WhiteTeamCountry "IND"]
[BlackTeamCountry "IND"]
[TimeControl "900+10"]

1. Nf3 d5 2. e3 Nf6 3. c4 c6 4. Nc3 e6 5. b3 Bd6 6. Bb2 O-O 7. Be2 b6 8. O-O Bb7 9. d4 Nbd7 10. Qc2 Rc8 11. Rad1 $1 {[%emt 0:01:07] 11.Rad1 is better than 11.e4. D45: Semi-Slav: 5 e3.} c5 12. dxc5 Nxc5 13. Qd2 Qe7 14. cxd5 Nxd5 {[%emt 0:00:12] [#]} 15. b4 $146 ({Reject} 15. e4 Nxc3 16. Qxc3 f6 $15) ({Predecessor:} 15. Qd4 f6 16. Nxd5 Bxd5 17. Bc4 Bxc4 18. Qxc4 Rfd8 19. Nd4 Qf7 20. Ba3 Ne4 21. Nc6 Bxh2+ 22. Kxh2 Rxd1 23. Rxd1 {1-0 (37) Ostergaard,J (2229)-Zeng,C (2567) Hillerod 2020}) 15... Nd7 16. Nxd5 exd5 17. a3 Nf6 18. Bd4 Ne4 19. Qb2 f6 20. Nd2 Ng5 21. Nf3 Ne4 22. Qb3 Kh8 23. g3 Rc7 24. Rc1 Rfc8 25. Rxc7 Rxc7 26. Rd1 Qe6 27. Nd2 Ng5 28. h4 (28. f4 {with more complications.} Ne4 29. Nxe4 Qxe4 30. Bd3) 28... Nf7 29. Nf3 Qc8 30. Bb2 Ne5 31. Nxe5 fxe5 32. Bf3 e4 33. Bxe4 Bxg3 34. fxg3 dxe4 {[%emt 0:00:03] [#]} 35. Rf1 $2 {[%emt 0:01:24] White is more active.} ({White must play} 35. Rd6 $1 $16 Qf8 36. Qd1) 35... h6 $11 {[%emt 0:00:45] The position is equal.} 36. Qd1 Kh7 $36 {[%emt 0:01:29][%mdl 2048] Black is more active.} 37. Qd6 Rc6 38. Qe5 Rc7 39. Rf2 {[%emt 0:00:38][%cal Of2c2] [#] And now Rc2! would win.} Qd7 40. Bd4 Kg8 41. Kg2 Bc8 42. Kg1 Rc1+ 43. Rf1 Rxf1+ 44. Kxf1 Qf5+ 45. Qxf5 Bxf5 {[%emt 0:00:01][%mdl 4096] Endgame KB-KB} 46. Ke1 Kf7 47. Kd2 g6 48. b5 Ke6 49. Kc3 Bg4 50. Bg7 h5 51. Bh6 Kd7 52. Bf4 Be2 53. a4 a6 54. bxa6 Bxa6 55. Kd4 Bd3 56. Ke5 Bc2 57. Kf6 Bxa4 58. g4 hxg4 59. Kxg6 {[%emt 0:00:02] aiming for h5.} Ke6 60. Kg5 Kf7 61. Kxg4 Kg6 62. h5+ Kh7 63. Kf5 Bc2 64. Ke5 b5 65. Kd4 b4 66. Kc4 b3 {[%emt 0:00:02] ( -> ...b2)} 67. Kc3 Kh8 68. Kb2 Kh7 69. Kc3 Bd1 70. Kb2 Bxh5 71. Kxb3 Kg6 72. Kc4 Kf5 73. Kd4 Bf3 {[%emt 0:00:01] Weighted Error Value: White=0.07 (flawless) /Black=0.06 (flawless)} 1/2-1/2

[Event "MPL-4 Indian Chess Tour 2022"]
[Site "Chess24"]
[Date "2022.09.27"]
[Round "4.7"]
[White "Karthikeyan, Murali"]
[Black "Aditya Mittal"]
[Result "1/2-1/2"]
[ECO "C67"]
[WhiteElo "2623"]
[BlackElo "2485"]
[Annotator "TA"]
[PlyCount "112"]
[EventDate "2022.09.29"]
[EventType "tourn (rapid)"]
[EventCountry "NET"]
[SourceTitle "playchess.com"]
[Source "ChessBase"]
[SourceQuality "1"]
[WhiteTeam "India"]
[BlackTeam "India"]
[WhiteTeamCountry "IND"]
[BlackTeamCountry "IND"]
[TimeControl "900+10"]

1. e4 e5 2. Nf3 Nc6 3. Bb5 Nf6 4. O-O Nxe4 5. d4 Nd6 6. Bxc6 dxc6 7. dxe5 Nf5 8. Qxd8+ Kxd8 9. Nc3 Be7 10. Bf4 {[%emt 0:01:19] C67: Ruy Lopez: Berlin Defence: 4 0-0 Nxe4.} Be6 11. Ng5 {[%emt 0:02:05] [#]} ({White should play} 11. Bg5 $11) 11... Bxg5 $146 ({Predecessor:} 11... Kc8 12. Nxe6 fxe6 13. Rad1 Rd8 14. Rxd8+ Kxd8 15. Ne4 h6 16. g4 Nh4 17. Bg3 Ke8 {1-0 (47) Vardanian,H (2177)-Karanfil,T (1653) Mersin 2008}) 12. Bxg5+ {[%emt 0:00:03] Black is slightly better.} Kc8 13. Rad1 h6 14. Bc1 b6 15. h3 Ne7 16. Kh2 Kb7 17. g4 h5 18. Kg3 ({Much worse is} 18. Bg5 Ng6 19. Kg3 hxg4 20. hxg4 Nxe5 $17) 18... hxg4 19. hxg4 Rag8 20. Rh1 f5 {[%emt 0:01:13] [#]} (20... Rxh1 $11 {keeps the balance.} 21. Rxh1 Nd5) 21. exf6 $1 $16 Rxh1 22. Rxh1 gxf6 23. f3 Nf5+ 24. Kf4 Nd4 25. Rh2 Bc8 26. Be3 (26. Kg3 $14) 26... Ne6+ $11 27. Ke4 Rf8 28. Kd3 f5 29. Rg2 Rd8+ 30. Ke2 $1 Rg8 31. Rg1 fxg4 32. fxg4 Nd8 33. g5 Bf5 34. Kd2 Ne6 35. Ne2 c5 36. Rf1 (36. b3 $11) 36... Bg4 $15 37. Rg1 {[%emt 0:00:12] [#]} Nxg5 $1 38. Bxg5 (38. Kc1 Nf3) 38... Rxg5 {[%emt 0:00:00][%mdl 4096] Endgame KRB-KRN} 39. Nc3 Rg8 40. Kc1 Be6 41. Rxg8 Bxg8 $17 {[%emt 0:00:01] KB-KN} 42. a3 Kc6 43. Nd1 Bh7 44. Kd2 a5 45. c4 Kd6 46. Kc3 Be4 47. b3 Ke5 48. Nb2 Kf4 49. b4 cxb4+ 50. axb4 Ke5 (50... axb4+ $15 51. Kxb4 Bc6) 51. c5 $11 {[%emt 0:00:14] The position is equal.} axb4+ 52. Kxb4 bxc5+ 53. Kxc5 c6 54. Nc4+ Ke6 55. Na5 Kd7 56. Nxc6 Bxc6 {[%emt 0:00:01] Weighted Error Value: White=0.09 (flawless) /Black=0.09 (flawless)} 1/2-1/2

[Event "MPL-4 Indian Chess Tour 2022"]
[Site "Chess24"]
[Date "2022.09.27"]
[Round "4.8"]
[White "Pranav, V."]
[Black "Puranik, Abhimanyu"]
[Result "1-0"]
[ECO "C54"]
[WhiteElo "2530"]
[BlackElo "2603"]
[Annotator "TA"]
[PlyCount "59"]
[EventDate "2022.09.29"]
[EventType "tourn (rapid)"]
[EventCountry "NET"]
[SourceTitle "playchess.com"]
[Source "ChessBase"]
[SourceQuality "1"]
[WhiteTeam "India"]
[BlackTeam "India"]
[WhiteTeamCountry "IND"]
[BlackTeamCountry "IND"]
[TimeControl "900+10"]

1. e4 e5 2. Nf3 Nc6 3. Bc4 Bc5 4. c3 Nf6 5. d3 d6 6. O-O a6 7. a4 h6 8. b4 {[%emt 0:00:40] C54: Giuoco Piano: 4 c3 Nf6, main lines with 5 d4 and 5 d3.} Ba7 9. Re1 O-O 10. h3 {[%emt 0:00:13] The position is equal.} Re8 11. Nbd2 Be6 12. Bxe6 Rxe6 13. Qc2 Qd7 14. Rb1 b5 15. Ra1 Rd8 16. Nb3 {[%emt 0:01:16] [#]} Nh5 $146 (16... Ree8 $11) ({Predecessor:} 16... Bb6 17. Bd2 d5 18. a5 Ba7 19. Rac1 dxe4 20. dxe4 Rd6 21. Be3 Bxe3 22. Rxe3 Rd1+ {1-0 (54) Nepomniachtchi,I (2773)-Bok,B (2624) Chess.com INT 2022}) 17. axb5 $14 axb5 18. d4 exd4 19. cxd4 (19. Nfxd4 $14 Bxd4 20. Nxd4) 19... Rg6 (19... Nxb4 $11 20. Qd2 c5) 20. Kh2 Nxb4 21. Qd1 c5 $1 {[%emt 0:00:33] [#] Strongly threatening ...c4.} 22. dxc5 (22. Nh4 $16) 22... Bb8 (22... dxc5 $17 23. Qxd7 Rxd7) 23. c6 d5+ (23... Qxc6 24. g3 (24. Ne5 $2 d5 $19) 24... Qc2 25. Bd2 $11) (23... Nxc6 $5 24. Nh4 d5+ 25. e5 Nxe5 $11) 24. Kh1 Nxc6 {[%emt 0:02:20] And now ...Ba7 would win.} 25. e5 $1 Qc7 {[%emt 0:01:41] Loses the game.} (25... Ba7 $11 {and Black stays safe.} 26. Rf1 Bb8) 26. g4 $18 {[%emt 0:00:56][%mdl 1024] White has strong compensation.} (26. Nh4 Nxe5 27. f4 (27. Qxh5 Nd3 $17) (27. g3 $2 Nxg3+ 28. fxg3 Rxg3 $19) 27... Ng3+ 28. Kg1 Ne4 29. Nxg6 Nxg6 $17) 26... Qc8 27. Bd2 Re6 {[%emt 0:00:32] [#]} (27... Ba7 $142) 28. Rc1 $1 ({Weaker is} 28. gxh5 Rxe5 29. Ng1 Rf5 $16) 28... Ba7 {[%emt 0:00:01] Inhibits Nbd4.} (28... Nf6 {was called for.}) 29. Nbd4 ({Less strong is} 29. gxh5 Rxe5 30. Ng1 (30. Nxe5 Qxh3+ 31. Kg1 Qg3+ 32. Kh1 Qh3+ 33. Kg1 Qg3+ 34. Kh1 Qh3+ $11) 30... Qd7 $14) 29... Rg6 (29... Nf6 $142 30. Nxe6 Nxg4 31. hxg4 Qxe6) 30. e6 {[%emt 0:00:34] Weighted Error Value: White=0.13 (very precise) /Black=0.43} 1-0

[Event "MPL-4 Indian Chess Tour 2022"]
[Site "Chess24"]
[Date "2022.09.27"]
[Round "5.1"]
[White "Puranik, Abhimanyu"]
[Black "Raja Harshit"]
[Result "0-1"]
[ECO "B90"]
[WhiteElo "2603"]
[BlackElo "2459"]
[Annotator "TA"]
[PlyCount "50"]
[EventDate "2022.09.29"]
[EventType "tourn (rapid)"]
[EventCountry "NET"]
[SourceTitle "playchess.com"]
[Source "ChessBase"]
[SourceQuality "1"]
[WhiteTeam "India"]
[BlackTeam "India"]
[WhiteTeamCountry "IND"]
[BlackTeamCountry "IND"]
[TimeControl "900+10"]

1. e4 c5 2. Nf3 d6 3. d4 cxd4 4. Nxd4 Nf6 5. Nc3 a6 6. h3 g6 7. Be3 {[%emt 0:00:02] B90: Sicilian Najdorf: Unusual White 6th moves, 6 Be3 Ng4 and 6 Be3 e5.} Nc6 8. g4 Bg7 9. Qd2 {[%emt 0:00:03] White is slightly better.} O-O 10. Bg2 Nd7 11. O-O-O Nb6 12. Bf1 {[%emt 0:01:28] [#] Prevents Nc4.} Be6 $146 ({Predecessor:} 12... Bd7 13. Nxc6 bxc6 14. Bh6 Bh8 15. Bxf8 Qxf8 16. f4 Rb8 17. Qe3 g5 18. f5 Bf6 {1-0 (48) Praggnanandhaa,R (2661)-Hakobyan,A (2612) Dubai 2022}) 13. f4 Rc8 14. Kb1 (14. Nxe6 $16 fxe6 15. Qf2) 14... Qc7 (14... Na5 $11) 15. Nxc6 Qxc6 16. Bd4 Bxd4 17. Qxd4 Qc5 18. f5 Bd7 19. Be2 (19. Qd2 $1 $14 {was preferrable.}) 19... Bc6 $11 20. f6 exf6 21. Qxf6 {[%emt 0:00:30] [#]} (21. Rhf1 $11) 21... Bxe4 $1 22. Nxe4 Qxc2+ 23. Ka1 Qxe4 ({Much less strong is} 23... Qxe2 24. Qd4 Nd7 25. Nxd6 $14) 24. Bf3 Qe5 25. Qxd6 {[%emt 0:01:21][%mdl 8192] [#]} (25. Qxe5 $15 dxe5 26. Bxb7) 25... Rc1+ $3 {[%emt 0:00:28][%mdl 512] Weighted Error Value: White=0.54/Black=0.15 (very precise)} 0-1